 Dungeon Crawl Stone Soup version 0.20.1-1-g8b1a95d (webtiles) character file.

447 froobite the Skirmisher (level 7, 0/56 HPs)
             Began as a Formicid Abyssal Knight on Aug 11, 2017.
             Was a Priest of Lugonu.
             Succumbed to a worker ant's poison
             ... on level 4 of the Dungeon.
             The game lasted 00:11:10 (3060 turns).

froobite the Skirmisher (Formicid Abyssal Knight)   Turns: 3060, Time: 00:11:11

Health: 0/56       AC:  7    Str: 19    XL:     7   Next: 24%
Magic:  8/8        EV: 13    Int: 11    God:    Lugonu [***...]
Gold:   125        SH:  0    Dex: 10    Spells: 6/6 levels left

rFire    . . .     SeeInvis +   o - +6 dagger (holy)
rCold    . . .     Gourm    .   (no shield)
rNeg     . . .     Faith    .   e - +0 scale mail
rPois    .         Spirit   .   (helmet unavailable)
rElec    .         Reflect  .   (no cloak)
rCorr    .         Harm     .   (no gloves)
MR       .....                  (no boots)
Stlth    ..........             g - amulet of rage
Regen    0.2/turn               q - +3 ring of evasion
MPRegen  0.2/turn               (no ring)

@: lethally poisoned (0 -> -16)
A: permanent stasis, dig shafts and tunnels, four strong arms, antennae 3
a: Dig, Shaft Self, Depart the Abyss, Bend Space, Banish, Renounce Religion


You were on level 4 of the Dungeon.
You worshipped Lugonu.
Lugonu was most pleased with you.
You were not hungry.

You visited 1 branch of the dungeon, and saw 4 of its levels.
You visited the Abyss 1 time.

You collected 125 gold pieces.

Inventory:

Hand Weapons
 a - a +1 falchion
 o - a +6 dagger of holy wrath (weapon)
Armour
 b - a +0 leather armour
 e - a +0 scale mail (worn)
Jewellery
 g - an amulet of rage (around neck)
 q - a +3 ring of evasion (left hand)
Wands
 l - a wand of iceblast (1/15)
 r - a wand of flame (13/48)
Scrolls
 k - 2 scrolls of identify
 n - a scroll of recharging {unknown}
 p - 2 scrolls of enchant weapon {unknown}
Potions
 d - a potion of mutation {unknown}
 f - 3 potions of brilliance {unknown}
 h - a potion of heal wounds {unknown}
 m - a potion of berserk rage {unknown}
 s - a potion of curing {unknown}
 t - a potion of resistance {unknown}
Comestibles
 c - 2 bread rations
 i - 2 royal jellies
 j - 7 fruits


   Skills:
 + Level 5.0 Fighting
 + Level 2.1(3.3) Short Blades
 + Level 4.0(4.3) Long Blades
 + Level 3.7 Armour
 + Level 2.3 Dodging
 + Level 1.5 Stealth
 + Level 2.3 Invocations
 + Level 0.9 Evocations


You had 6 spell levels left.
You didn't know any spells.

Dungeon Overview and Level Annotations

Branches:
Dungeon (4/15)
 Temple: D:4-7

Altars:
Sif Muna
Vehumet
Zin


Innate Abilities, Weirdness & Mutations

You cannot be hasted, slowed, berserked, paralysed or teleported.
You can dig through walls and to a lower floor.
Your four strong arms can wield two-handed weapons with a shield.
You have a pair of large antennae on your head. (SInv)


Message History

* * * LOW HITPOINT WARNING * * *
The orc wizard points at you and mumbles some strange words.
The magic dart hits you!
You barely miss the orc wizard.
* * * LOW HITPOINT WARNING * * *
You feel sick. The worker ant bites you.
* * * LOW HITPOINT WARNING * * *
The orc wizard mumbles some strange words.
The orc wizard blinks!
The orc barely misses you.
The orc wizard points at you and mumbles some strange words.
The magic dart hits you!
* * * LOW HITPOINT WARNING * * *
The worker ant bites you but does no damage.
* * * LOW HITPOINT WARNING * * *
You feel sick. The orc closely misses you. The worker ant closely misses you.
Things that are here:
a mace; a leather armour; a black potion You hit the orc.
The orc is severely wounded.
You die...

..# ..# #..# # ##... .
..### ##..### ...
#....###..#..#....
#....ao.†...##.
##...o@........
#..).###....### #
#.#.## #####
#.#######.#.# #####
..........<.# #...#
#.##......### #...#
#.......##########...#
...#...........^.....#
.....##.###.....>....#


You could see a worker ant, an orc wizard and an orc.

Vanquished Creatures
  An ogre (D:4)
  A crimson imp (D:3)
  A hound (D:4)
  A bullfrog skeleton (D:3)
  A centaur skeleton (D:4)
  Terence (D:2)
  A worker ant (D:4)
  Ijyb (D:3)
  Robin (D:2)
  3 gnolls (D:3)
  3 adders
  4 worms
  5 dart slugs
  4 leopard geckos
  2 orcs (D:4)
  A ball python (D:3)
  7 bats
  4 giant cockroaches
  12 goblins
  10 hobgoblins
  3 jackals (D:4)
  9 kobolds
  A quokka (D:3)
  6 frilled lizards
  8 rats
91 creatures vanquished.

Notes
Turn   | Place    | Note
-------+----------+-------------------------------------------
     0 | Abyss:1  | froobite the Formicid Abyssal Knight began the quest for the Orb.
     0 | Abyss:1  | Reached XP level 1. HP: 18/18 MP: 2/2
    22 | D:1      | Escaped the Abyss
   139 | D:1      | Reached XP level 2. HP: 20/24 MP: 3/3
   422 | D:1      | Reached skill level 4 in Fighting
   804 | D:1      | Reached skill level 1 in Dodging
   873 | D:2      | Reached XP level 3. HP: 21/30 MP: 4/4
   896 | D:2      | Noticed Robin
   984 | D:2      | Found a glowing silver altar of Zin.
  1027 | D:2      | Noticed Terence
  1039 | D:2      | Killed Terence
  1039 | D:2      | Reached XP level 4. HP: 26/38 MP: 5/5
  1180 | D:2      | Reached ** piety under Lugonu
  1321 | D:2      | Killed Robin
  1406 | D:2      | Reached XP level 5. HP: 43/43 MP: 6/6
  2261 | D:3      | Reached *** piety under Lugonu
  2271 | D:3      | Reached XP level 6. HP: 42/49 MP: 7/7
  2345 | D:3      | Reached skill level 1 in Short Blades
  2461 | D:3      | Found a radiant altar of Vehumet.
  2646 | D:3      | Noticed Ijyb
  2649 | D:3      | Killed Ijyb
  2939 | D:3      | You fall through a shaft!
  2972 | D:4      | Found a deep blue altar of Sif Muna.
  3028 | D:4      | Noticed an ogre
  3033 | D:4      | Killed an ogre
  3033 | D:4      | Reached skill level 1 in Stealth
  3033 | D:4      | Reached XP level 7. HP: 47/55 MP: 8/8
  3045 | D:4      | Reached skill level 5 in Fighting
  3058 | D:4      | HP: 2/56 [orc wizard/magic dart (2)]
  3060 | D:4      | Succumbed to a worker ant's poison

Skill      XL: |  1  2  3  4  5  6  7 |
---------------+----------------------+-----
Fighting       | 4 5 |  5.0
Dodging        | 1 2 |  2.3
Long Blades    | 3 4 |  4.0
Armour         | 3 |  3.7
Short Blades   | 2 |  2.1
Stealth        | 1 |  1.5
Invocations    | |  2.3
Evocations     | |  0.9

Action                   |  1- 3 |  4- 6 |  7- 9 || total
-------------------------+-------+-------+-------++-------
Melee: Falchion          |    78 |    35 |       ||   113
       Dagger            |       |   133 |    13 ||   146
Invok: Bend Space        |       |     1 |       ||     1
 Abil: Shaft Self        |       |     1 |       ||     1
Evoke: Wand              |       |     5 |     1 ||     6
  Use: Scroll            |     3 |     4 |       ||     7
  Eat: Chunk             |       |     3 |       ||     3
       Bread ration      |       |     1 |       ||     1
Armor: Leather armour    |     3 |       |       ||     3
       Scale mail        |    23 |    88 |     6 ||   117
Dodge: Dodged            |    42 |   162 |    16 ||   220
       Rpst.: Falchion   |    13 |     5 |       ||    18
